 Dungeon Crawl Stone Soup version 0.25-a0-429-g4e4398398a (webtiles) character file.

Game seed: 17970571868184461733, levelgen mode: deterministic

6885 Luthien the Thaumaturge (level 10, -15/61 HPs)
             Began as a Deep Elf Conjurer on Jan 20, 2020.
             Was an Elder of Vehumet.
             Killed by refrigeration
             ... invoked by Fannar
              (35 damage)
             ... on level 10 of the Dungeon on Jan 25, 2020.
             The game lasted 01:00:07 (10016 turns).

Luthien the Thaumaturge (Deep Elf Conjurer)        Turns: 10016, Time: 01:00:08

Health: -15/61     AC:  9    Str:  5    XL:     10   Next: 79%
Magic:  5/35       EV: 16    Int: 24    God:    Vehumet [****..]
Gold:   343        SH:  0    Dex: 15    Spells: 15/29 levels left

rFire    + . .     SeeInvis .   s - +1 dagger (speed)
rCold    . . .     Gourm    .   (no shield)
rNeg     + + .     Faith    .   x - +1 robe {rF+}
rPois    .         Spirit   .   G - +2 helmet
rElec    .         Reflect  .   L - +2 cloak
rCorr    .         Harm     .   (no gloves)
MR       +....                  (no boots)
Stlth    ++++......             (no amulet)
HPRegen  0.20/turn              T - ring of protection from fire
MPRegen  0.24/turn              U - ring "Bietocicsa" {rF- rN++ MP+9}

@: no status effects
A: no striking features
a: Renounce Religion


You were on level 10 of the Dungeon.
You worshipped Vehumet.
Vehumet was greatly pleased with you.
You were not hungry.

You visited 2 branches of the dungeon, and saw 11 of its levels.
You also visited: Ossuary.

You collected 565 gold pieces.
You spent 222 gold pieces at shops.

Inventory:

Hand Weapons
 b - a +0 club
 l - a -2 falchion
 r - a +2 vorpal mace
 s - a +1 dagger of speed (weapon)
 C - a +2 vorpal flail
 W - a cursed +0 mace
Missiles
 f - 273 stones (quivered)
 j - 90 poisoned darts
 t - 15 boomerangs
 K - 3 silver boomerangs
 P - 63 arrows
Armour
 a - a +0 robe
 o - a +2 hat
 u - a +0 robe
 x - a +1 robe of fire resistance (worn)
 y - a scarf of resistance
 D - a +0 robe
 G - a +2 helmet (worn)
 L - a +2 cloak (worn)
 Q - a cursed +0 robe
Jewellery
 T - a ring of protection from fire (left hand)
 U - the ring "Bietocicsa" (right hand) {rF- rN++ MP+9}
   (You found it on level 8 of the Dungeon)

   [ring of magical power]

   It makes you vulnerable to fire.
   It greatly protects you from negative energy.
   It affects your magic capacity (+9).
 X - a cursed ring of stealth {unknown}
Wands
 B - a wand of polymorph (2)
 E - a wand of iceblast (17)
 F - a wand of digging (5)
Scrolls
 d - 4 scrolls of teleportation {unknown}
 e - 2 scrolls of identify
 g - 2 scrolls of enchant weapon {unknown}
 h - 2 scrolls of noise
 i - 3 scrolls of fog {unknown}
 m - 8 scrolls of amnesia
 q - 5 scrolls of remove curse
 w - 2 scrolls of immolation {unknown}
 A - 2 scrolls of vulnerability {unknown}
 M - 2 scrolls of fear
 N - 2 scrolls of random uselessness {unknown}
Potions
 k - 4 potions of brilliance
 n - a potion of lignification
 p - a potion of resistance
 v - 2 potions of degeneration
 z - 2 potions of magic
 H - 4 potions of berserk rage
 I - a potion of heal wounds
 J - 3 potions of might
 R - a potion of mutation
 S - a potion of haste
 V - a potion of curing {unknown}
Comestibles
 c - 12 rations
 O - 2 chunks of flesh


   Skills:
 + Level 6.5 Fighting
 + Level 6.8 Dodging
 + Level 7.2 Stealth
 - Level 10.0 Spellcasting
 + Level 10.0 Conjurations
 - Level 4.0 Charms
 - Level 2.1 Ice Magic
 + Level 5.0 Evocations


You had 15 spell levels left.
You knew the following spells:

 Your Spells              Type           Power        Failure   Level  Hunger
a - Magic Dart            Conj           ####         1%          1    None
b - Searing Ray           Conj           ######       1%          2    None
i - Iskenderun's Mystic   Conj/Tloc      #####...     1%          4    #......
p - Fulminant Prism       Conj/Hex       #####.....   1%          4    #......
A - Ozocubu's Armour      Chrm/Ice       ####....     4%          3    None

Your spell library contained the following spells:

 Spells                   Type           Power        Failure   Level  Hunger
 Lightning Bolt           Conj/Air       #####.....   5%          5    ####...
 Freeze                   Ice            ###.         1%          1    None
 Dazzling Flash           Conj/Hex       #####.       1%          3    None
 Hailstorm                Conj/Ice       #####...     1%          4    #......
 Confusing Touch          Hex            ##......     16%         3    None
 Gell's Gravitas          Tloc           ##........   16%         3    None
 Summon Ice Beast         Ice/Summ       ###.....     34%         4    #......
 Yara's Violent Unravell  Hex/Tmut       ##........   34%         5    ####...
 Petrify                  Tmut/Erth      ##......     45%         4    #......
 Metabolic Englaciation   Hex/Ice        ###.......   67%         5    ####...


Dungeon Overview and Level Annotations

Branches:
Dungeon (10/15)            Temple (1/1) D:4            Lair (0/6) D:8
Ossuary (visited)
    Orc: D:9-12

Altars:
Ashenzari
Cheibriados
Dithmenos
Elyvilon
Fedhas
Gozag
Hepliaklqana
Kikubaaqudgha
Makhleb
Nemelex Xobeh
Okawaru
Qazlal
Ru
Sif Muna
Trog
Uskayaw
Vehumet
Wu Jian
Xom
Yredelemnul
Zin
The Shining One

Shops:
D:4 [

Annotations:
D:9 3 runed translucent doors, exclusion: downstairs, Ajdolov's ghost, novice TrHu
D:10 Fannar


Message History

Confirm with . or Enter, or press ? or * to list all spells.
Aiming: Fulminant Prism (safe; 1% risk of failure)
Press: ? - help, Dir - move target cursor You conjure a prism of explosive energy!
A fulminant prism comes into view.
Casting: Fulminant Prism (safe; 1% risk of failure)
Confirm with . or Enter, or press ? or * to list all spells.
Aiming: Searing Ray (safe; 1% risk of failure)
Press: ? - help, Shift-Dir - straight line, f - ice beast
Aim: an ice beast (almost dead, summoned)
The searing ray misses the ice beast. (Press . to maintain the ray.) Fannar gestures wildly while chanting.
Fannar blinks!
The ice beast closely misses you.
Your fulminant prism crackles loudly.
Fannar gestures wildly while chanting.
Fannar drains the heat from the surrounding environment!
You feel very cold.
Ouch! That really hurt!
You die...

#########
#.YeY.ยง*#
#.#####.#
#.#.##.#.#...#
#.#.##.#...#Y#
#.#.##.#.#.#@#
#.#.##.#.###e#
#####'#.##e#.....#
........##.#######
........##)#
.......*##)#
.....)...).#
......)########
.......).......


You could see Fannar, an ice beast and a friendly fulminant prism.

Vanquished Creatures
  Prince Ribbit (D:7)
  2 trolls (D:10)
  A hornet (D:6)
  A hippogriff (D:10)
  A wraith (D:10)
  6 yaks (D:9)
  A hungry ghost (D:9)
  3 wargs (D:8)
  3 orc warriors
  A phantom (D:9)
  2 ice beasts
  An eye of draining (D:10)
  3 necrophages
  4 ogres
  4 centaurs
  3 elf zombies (Ossuary)
  2 crocodiles
  2 big kobolds
  3 bullfrogs
  2 scorpions
  9 wights
  5 crimson imps
  7 hounds
  A jelly (D:5)
  A human zombie (Ossuary)
  5 orc priests
  A bullfrog skeleton (D:5)
  2 centaur skeletons
  An iguana (D:8)
  12 orc wizards
  6 worker ants
  A killer bee zombie (D:7)
  A big kobold zombie (Ossuary)
  2 hound skeletons
  3 mummies
  A howler monkey zombie (D:6)
  Robin (D:2)
  A worker ant zombie (D:10)
  A howler monkey skeleton (D:9)
  12 adders
  A shadow imp (D:6)
  2 oozes
  An adder zombie (Ossuary)
  3 worms
  5 dart slugs
  4 leopard geckos
  38 orcs
  9 bats
  6 giant cockroaches
  12 goblins
  12 hobgoblins
  6 jackals
  23 kobolds
  2 quokkas (D:2)
  4 ball pythons
  7 frilled lizards
  2 goblin zombies (Ossuary)
  12 hobgoblin zombies (Ossuary)
  A jackal zombie (Ossuary)
  12 kobold zombies
  5 orc zombies (Ossuary)
  10 rats
296 creatures vanquished.

Vanquished Creatures (others)
  An orc wizard (D:4)
  101 fulminant prisms
102 creatures vanquished.

Grand Total: 398 creatures vanquished

Notes
Turn   | Place    | Note
-------+----------+-------------------------------------------
     0 | D:1      | Luthien the Deep Elf Conjurer began the quest for the Orb.
     0 | D:1      | Reached XP level 1. HP: 10/10 MP: 6/6
   139 | D:1      | Reached XP level 2. HP: 15/15 MP: 5/8
   167 | D:1      | Learned a level 2 spell: Searing Ray
   880 | D:2      | Reached XP level 3. HP: 19/19 MP: 3/10
  1337 | D:3      | Reached XP level 4. HP: 24/24 MP: 3/11
  1434 | D:3      | Reached skill level 5 in Conjurations
  1852 | D:3      | Reached XP level 5. HP: 28/28 MP: 10/13
  1859 | D:3      | Learned a level 4 spell: Fulminant Prism
  1864 | D:3      | Learned a level 4 spell: Iskenderun's Mystic Blast
  1981 | D:3      | Found a faded altar of an unknown god.
  1985 | D:3      | Reached skill level 1 in Fighting
  2173 | D:4      | Found a hide-covered altar of Uskayaw.
  2245 | D:4      | Found a snail-covered altar of Cheibriados.
  2362 | D:4      | Reached skill level 5 in Spellcasting
  2398 | D:4      | Reached XP level 6. HP: 29/35 MP: 10/15
  2878 | D:4      | Found a staircase to the Ecumenical Temple.
  3174 | D:4      | Found Toech's Antique Armour Boutique.
  3287 | D:4      | Bought a runed robe for 70 gold pieces
  3287 | D:4      | Bought a runed scarf for 152 gold pieces
  3392 | D:5      | Entered Level 5 of the Dungeon
  3417 | D:5      | Reached XP level 7. HP: 40/40 MP: 7/18
  4033 | D:2      | Noticed Robin
  4039 | D:2      | Killed Robin
  4750 | Temple   | Entered the Ecumenical Temple
  5027 | Temple   | Became a worshipper of Vehumet
  5184 | D:6      | Noticed a hornet
  5184 | D:6      | a black bear changed into a hornet
  5184 | D:6      | HP: 1/41 [hornet (10)]
  5304 | D:6      | Reached XP level 8. HP: 20/48 MP: 9/21
  5423 | D:6      | Killed a hornet
  5466 | D:6      | Reached * piety under Vehumet
  5466 | D:6      | Offered knowledge of Freeze by Vehumet.
  5511 | D:6      | Found a sand-covered staircase.
  5517 | Ossuary  | Entered an ossuary
  6098 | Ossuary  | Reached ** piety under Vehumet
  6115 | Ossuary  | Offered knowledge of Foxfire by Vehumet.
  6756 | D:7      | Reached skill level 5 in Fighting
  6772 | D:7      | Reached XP level 9. HP: 53/54 MP: 3/24
  7039 | D:7      | Noticed Prince Ribbit
  7159 | D:7      | Killed Prince Ribbit
  7159 | D:7      | Reached skill level 1 in Evocations
  7640 | D:7      | Upgraded the game from 0.25-a0-424-g80bd347ae0 to
                  | 0.25-a0-429-g4e4398398a
  7656 | D:8      | Offered knowledge of Conjure Flame by Vehumet.
  7781 | D:8      | Reached skill level 5 in Stealth
  7785 | D:8      | Reached *** piety under Vehumet
  7861 | D:8      | Reached skill level 5 in Dodging
  7861 | D:8      | Reached skill level 10 in Spellcasting
  7866 | D:8      | Learned a level 3 spell: Ozocubu's Armour
  7994 | D:8      | Found a staircase to the Lair.
  8014 | D:8      | Reached skill level 1 in Charms
  8083 | D:8      | Offered knowledge of Ignite Poison by Vehumet.
  8100 | D:8      | Got a fine lapis lazuli ring
  8521 | D:8      | Identified the ring "Bietocicsa" {rF- rN++ MP+9} (You found
                  | it on level 8 of the Dungeon)
  8551 | D:9      | Reached XP level 10. HP: 51/60 MP: 16/26
  9087 | D:9      | Noticed Ajdolov's ghost (novice TrHu)
  9094 | D:9      | Found a runed translucent gate.
  9094 | D:9      | Found a runed translucent gate.
  9094 | D:9      | Found a runed translucent gate.
  9096 | D:9      | Noticed a manticore
  9097 | D:9      | Noticed a deep troll
  9152 | D:9      | Reached skill level 1 in Ice Magic
  9500 | D:10     | Entered Level 10 of the Dungeon
  9552 | D:10     | Reached **** piety under Vehumet
  9565 | D:10     | Offered knowledge of Lightning Bolt by Vehumet.
  9929 | D:10     | Reached skill level 10 in Conjurations
  9929 | D:10     | Reached skill level 5 in Evocations
  9983 | D:10     | Noticed Fannar
 10016 | D:10     | Killed from afar by Fannar

Levels and vault maps discovered:
D:1:      dpeg_arrival_refuge, layout_basic, serial_rivers,
          chequers_serial_rivers_marsh, chequers_serial_rivers_micro_d,
          chequers_serial_rivers_micro_c, chequers_serial_rivers_small_3
D:2:      minmay_alternating_diamond, layout_loops_ring,
          minmay_misc_feat_enclosed, uniq_robin
D:3:      layout_rooms, serial_rivers, chequers_serial_rivers_marsh,
          chequers_serial_rivers_room_a, chequers_serial_rivers_room_b,
          chequers_serial_rivers_large_a, chequers_serial_rivers_small_3,
          chequers_serial_rivers_marsh, first_ration,
          chequers_ecumenical_altar_simple_redux
D:4:      layout_loops_ring, lemuel_doored_altar, minmay_temple_entry_glass,
          serial_shops, shop_statue, kennysheep_slug_shrine
D:5:      layout_rooms
D:6:      layout_rooms, nicolae_ossuary_entry_giza
D:7:      layout_rooms, uniq_prince_ribbit1
D:8:      layout_loops_ring, erik_lair_orcish_takeover
D:9:      layout_roguey, gammafunk_ghost_split
D:10:     layout_basic, uniq_fannar
Temple:   roderic_octagonal_lattice_temple

Skill      XL: |  1  2  3  4  5  6  7  8  9 10 |
---------------+-------------------------------+-----
Dodging        | 3 5 6 |  6.8
Stealth        | 3 5 7 |  7.2
Spellcasting   | 4 5 6 7 9 10 | 10.0
Conjurations   | 5 6 7 8 9 10 | 10.0
Fighting       | 1 2 3 5 6 |  6.5
Evocations     | 3 5 |  5.0
Charms         | 2 4 |  4.0
Ice Magic      | 2 |  2.1

Action                   |  1- 3 |  4- 6 |  7- 9 | 10-12 || total
-------------------------+-------+-------+-------+-------++-------
Melee: Falchion          |       |       |    27 |       ||    27
       Dagger            |       |       |    80 |     8 ||    88
Throw: Stone             |       |       |    10 |       ||    10
 Cast: Magic Dart        |    81 |    65 |   112 |    16 ||   274
       Searing Ray       |     4 |    18 |    65 |    22 ||   109
       Fulminant Prism   |       |     3 |    53 |    46 ||   102
Evoke: Wand              |       |       |     4 |       ||     4
  Use: Scroll            |       |     3 |    13 |       ||    16
       Potion            |       |       |       |     1 ||     1
  Eat: Chunk             |     1 |     5 |    11 |     5 ||    22
       Ration            |       |       |     3 |       ||     3
Armor: Robe              |       |     3 |    21 |     5 ||    29
Dodge: Dodged            |     5 |     9 |   105 |    16 ||   135
       Rpst.: Falchion   |       |     1 |    13 |       ||    14

Table legend:
 A = Non-vault XP
 B = Vault XP
 C = Vault XP percentage of total XP
 D = Non-vault monster count
 E = Vault monster count
 F = Vault count percentage of total count
                 A         B        C        D         E       F
            +---------+---------+-------+---------+---------+-------
      Total |    8301 |    1536 |  15.6 |     228 |      69 |  23.2
            +---------+---------+-------+---------+---------+-------
        D:1 |      40 |       0 |   0.0 |      26 |       0 |   0.0
        D:2 |      69 |      54 |  43.9 |      25 |      16 |  39.0
        D:3 |     138 |       0 |   0.0 |      25 |       0 |   0.0
        D:4 |     420 |       4 |   0.9 |      18 |       1 |   5.3
        D:5 |     372 |       0 |   0.0 |      10 |       0 |   0.0
        D:6 |     959 |      20 |   2.0 |      27 |       3 |  10.0
        D:7 |    1111 |     296 |  21.0 |      22 |       1 |   4.3
        D:8 |     781 |     716 |  47.8 |      26 |      10 |  27.8
        D:9 |    2478 |       0 |   0.0 |      25 |       0 |   0.0
       D:10 |    1933 |       0 |   0.0 |      24 |       0 |   0.0
    Ossuary |       0 |     446 | 100.0 |       0 |      38 | 100.0
            +---------+---------+-------+---------+---------+-------
